AoeStats
← Yorshka

Hideout

508004943Analyzed
1v1 RM · 12d ago on Sep 20, 2026· 48m 6s· 2 players
Game mode
Random Map
Map size
Tiny (2 player)
Population
200
Speed
Normal
Resources
Standard
Victory
Conquest
Starting age
Dark Age
Ending age
Imperial Age
RankedLock teamsTeams togetherTeam positionsShared explorationLock speedFull tech treeHidden civsTurbo modeCheats
Victory
Defeat
🇨🇳 Turks · China
2109
+11
🇨🇳 Ethiopians · China
1991
-11
Yorshka
6:03 Loom
6:41 Loom
6:58 Loom
9:02 Feudal Age
9:37 Man-at-Arms
10:04 Double-Bit Axe
12:22 Horse Collar
14:42 Fletching
20:05 Castle Age
20:04 Gold Mining
20:08 Crossbowman
20:44 Bodkin Arrow
21:43 Bow Saw
24:22 Wheelbarrow
23:40 Town Watch
28:02 Hand Cart
33:08 Imperial Age
31:20 Thumb Ring
32:35 Padded Archer Armor
33:34 Ballistics
32:35 Elite Skirmisher
33:58 Leather Archer Armor
33:51 Bracer
35:13 Chemistry
35:51 Light Cavalry
36:59 Fortified Wall
37:17 Scale Mail Armor
37:43 Husbandry
38:34 Conscription
38:39 Chain Mail Armor
38:46 Forging
38:51 Squires
39:58 Plate Mail Armor
40:56 Iron Casting
40:34 Masonry
42:17 Architecture
43:53 Blast Furnace
43:20 Scale Barding Armor
44:02 Hussar
45:46 Torsion Engines
46:53 Chain Barding Armor
48:33 Siege Engineers
catastrophe
10:56 Feudal Age
11:58 Loom
15:04 Castle Age
13:53 Fletching
14:42 Double-Bit Axe
15:08 Crossbowman
19:16 Bodkin Arrow
26:35 Town Watch
28:03 Ballistics
29:02 Horse Collar
30:16 Bow Saw
30:40 Stone Mining
32:13 Scale Barding Armor
33:07 Wheelbarrow
32:47 Bloodlines
36:34 Imperial Age
34:30 Bloodlines
34:38 Forging
34:44 Gold Mining
34:45 Treadmill Crane
35:31 Husbandry
35:56 Chain Barding Armor
38:08 Hand Cart
38:54 Plate Barding Armor
39:16 Padded Archer Armor
40:45 Iron Casting
40:18 Artillery
41:37 Leather Archer Armor
42:48 Blast Furnace
42:04 Masonry
43:00 Bracer
43:30 Ring Archer Armor
44:42 Heavy Plow
45:54 Architecture
48:53 Two-Man Saw
Connection lost

Rejoining the realm…

Still unreachable

The connection could not be restored.

Session expired

The server has moved on; the page needs a fresh start.